[Event "*** Titled Tuesday Blitz"]
[Site "Chess.com"]
[Date "2020.05.05"]
[Round "7"]
[White "Agnes66678"]
[Black "crackcubano"]
[Result "1/2-1/2"]
[WhiteElo "2422"]
[BlackElo "2602"]
[TimeControl "180+1"]
[EndTime "11:18:31 PDT"]
[Termination "Game drawn by repetition"]

1. d4 Nf6 2. c4 c5 3. d5 b5 4. cxb5 a6 5. bxa6 g6 6. Nc3 Bg7 7. g3 d6 8. Bg2 Nbd7 9. Nf3 Nb6 10. Nd2 O-O 11. O-O Bxa6 12. Rb1 Nfd7 13. Qc2 Bb7 14. e4 Ba6 15. Rd1 Ne5 16. Nf3 Nxf3+ 17. Bxf3 Nc4 18. b3 Qa5 19. Na4 Bb5 20. Be2 Ne5 21. Bxb5 Qxb5 22. Kg2 f5 23. f4 Ng4 24. h3 Nf6 25. exf5 gxf5 26. Bb2 Rf7 27. Nc3 Qb7 28. a4 Qb4 29. Nb5 Ne4 30. Rbc1 Bxb2 31. Qxb2 Rg7 32. Rd3 Rxa4 33. Nc3 Nxc3 34. Rdxc3 Ra3 35. Qc2 Qa5 36. Qxf5 Ra2+ 37. R1c2 Qxc3 38. Qc8+ Kf7 39. Qe6+ Kf8 40. Qc8+ Kf7 41. Qe6+ Kf8 42. Qc8+ Kf7 1/2-1/2

[Event "*** Titled Tuesday Blitz"]
[Site "Chess.com"]
[Date "2020.05.05"]
[Round "7"]
[White "etesungam"]
[Black "GoValya"]
[Result "1-0"]
[WhiteElo "2336"]
[BlackElo "2167"]
[TimeControl "180+1"]
[EndTime "11:18:31 PDT"]
[Termination "etesungam won on time"]

1. d4 Nf6 2. Nf3 e6 3. c4 c5 4. d5 exd5 5. cxd5 d6 6. Nc3 g6 7. e4 Bg7 8. Bb5+ Bd7 9. a4 O-O 10. O-O a6 11. Bxd7 Nbxd7 12. Bf4 Qc7 13. h3 Rfe8 14. Qc2 b6 15. Nd2 Rab8 16. Nc4 Ne5 17. Bxe5 dxe5 18. Rfd1 b5 19. axb5 axb5 20. Na5 Nd7 21.
Nc6 Rb7 22. Qe2 c4 23. b4 cxb3 24. Nxb5 Rxb5 25. Qxb5 Qd6 26. Qxb3 Nc5 27. Qa3 Nxe4 28.
Qxd6 Nxd6 29. Ra7 e4 30. Rd7 Nf5 31. g4 Nh4 32. d6 Nf3+ 33. Kg2 Bf6 34. Ne7+ Kg7 35.
Nd5 Bg5 36. Rb1 Nh4+ 37. Kg3 h5 38. Rbb7 Rf8 39. Nc7 hxg4 40. Ne6+ Kf6 41. Nxf8 gxh3 42. Rxf7+ Ke5 43. d7 Nf5+ 44. Rxf5+ gxf5 45. Kxh3 Be7 46. Ng6+ Kd6 47. Nxe7 Kxe7 48. Kg3 Kd8 49. Kf4 Ke7 50. Kxf5 e3 51. fxe3 Kd8 52. Ke5 Ke7 53. Kd5 Kd8 54.
Kc6 Ke7 55. Kc7 1-0

[Event "*** Titled Tuesday Blitz"]
[Site "Chess.com"]
[Date "2020.05.05"]
[Round "7"]
[White "Redbandit87"]
[Black "Irina_Barchuk"]
[Result "1-0"]
[WhiteElo "2457"]
[BlackElo "2212"]
[TimeControl "180+1"]
[EndTime "11:18:32 PDT"]
[Termination "Redbandit87 won on time"]

1. d4 Nf6 2. Bf4 d6 3. Nc3 g6 4. Qd2 h5 5. O-O-O Bg7 6. e4 Nfd7 7. Nf3 c6 8. e5 d5 9. e6 fxe6 10. Bd3 Nf8 11. Ne5 Bxe5 12. Bxe5 Rg8 13. Qh6 Nbd7 14. Rde1 Nf6 15. f3 Qa5 16. Qg5 N6h7 17. Qh6 Bd7 18. Bg7 O-O-O 19. Bxg6 Nxg6 20. Qxg6 Nf6 21. Qf7 b5 22. Kb1 b4 23. Ne2 Rde8 24. Nf4 c5 25. Nxe6 c4 26. Nc5 Bf5 27. Bxf6 1-0

[Event "*** Titled Tuesday Blitz"]
[Site "Chess.com"]
[Date "2020.05.05"]
[Round "7"]
[White "chessdjw"]
[Black "VerdeNotte"]
[Result "0-1"]
[WhiteElo "2659"]
[BlackElo "2842"]
[TimeControl "180+1"]
[EndTime "11:18:33 PDT"]
[Termination "VerdeNotte won by resignation"]

1. e4 e5 2. Nf3 Nc6 3. Bb5 a6 4. Ba4 d6 5. O-O g6 6. c3 Bg7 7. d4 Bd7 8. Re1 Nf6 9. h3 O-O 10. Bc2 exd4 11. cxd4 Nb4 12. Nc3 Nxc2 13. Qxc2 Re8 14.
Bf4 Bc6 15. d5 Bd7 16. Rad1 Nh5 17. Bh2 b5 18. Ne2 f5 19. Ned4 f4 20. Rd2 Rc8 21. Nc6 Qf6 22. Na7 Ra8 23. Qxc7 Bxh3 24. gxh3 Re7 25. e5 dxe5 26. d6 Rxc7 27. dxc7 Bf8 28.
Rc1 e4 29. c8=Q Rxc8 30. Rxc8 exf3 31. Rdd8 Qg5+ 32. Kf1 Qg2+ 33. Ke1 Qxh2 34. Rxf8+ Kg7 35. Rg8+ Kh6 36. Nc6 Qg1+ 37. Kd2 Qxf2+ 38. Kc3 Qc5+ 39. Kd3 f2 40. Nd4 f1=Q+ 0-1

[Event "*** Titled Tuesday Blitz"]
[Site "Chess.com"]
[Date "2020.05.05"]
[Round "7"]
[White "827883"]
[Black "Frogo47"]
[Result "1/2-1/2"]
[WhiteElo "2225"]
[BlackElo "2404"]
[TimeControl "180+1"]
[EndTime "11:18:33 PDT"]
[Termination "Game drawn by agreement"]

1. e4 c5 2. Nf3 d6 3. d4 cxd4 4.
Nxd4 Nf6 5. Nc3 a6 6. f4 e5 7. Nf3 Nbd7 8. a4 Be7 9. Bc4 O-O 10. O-O exf4 11. Kh1 Ne5 12. Bb3 Ng6 13. Ne2 Nxe4 14. Nxf4 Nxf4 15. Bxf4 Nc5 16. Bd5 Be6 17. b4 Bxd5 18.
Qxd5 Ne6 19. Bg3 Qc7 20. c4 Rac8 21. c5 Rfd8 22. Qf5 Qc6 23. Ne5 dxe5 24. Qxf7+ Kh8 25. Qxe7 Re8 26. Qh4 Nf4 27. Bxf4 exf4 28. Qxf4 a5 29. bxa5 Qxc5 30. Rac1 Qe7 31. h3 h6 32. Rxc8 Rxc8 33.
Qf7 Qe4 34. Qf3 Qxf3 35. Rxf3 Rc5 36. Rb3 Rxa5 37. Rxb7 Rxa4 38. Rb3 Ra2 1/2-1/2

[Event "*** Titled Tuesday Blitz"]
[Site "Chess.com"]
[Date "2020.05.05"]
[Round "7"]
[White "icychess54"]
[Black "IljaJoke"]
[Result "0-1"]
[WhiteElo "2307"]
[BlackElo "2554"]
[TimeControl "180+1"]
[EndTime "11:18:35 PDT"]
[Termination "IljaJoke won on time"]

1. c4 g6 2. Nf3 Bg7 3. e3 c5 4. d4 cxd4 5. Nxd4 Nc6 6. Nc3 Nxd4 7. exd4 Nf6 8. Be2 d5 9. O-O O-O 10. Bf4 dxc4 11. Bxc4 Bg4 12. Qd2 Rc8 13. Bb3 Qd7 14.
h3 Bf5 15. d5 Ne4 16. Nxe4 Bxe4 17. Rfe1 Bf5 18. Qb4 Rfe8 19. Re2 Bf6 20. Rae1 a6 21. g4 Bxg4 22. hxg4 Qxg4+ 23. Kf1 g5 24. f3 Qxf4 25. Qxf4 gxf4 26. d6 Rc6 27. dxe7 h6 28. Bd5 Rc7 29. Re4 Bg5 30. Rc4 Rcxe7 0-1

[Event "*** Titled Tuesday Blitz"]
[Site "Chess.com"]
[Date "2020.05.05"]
[Round "7"]
[White "Pavlov_Sergey"]
[Black "AryanTari"]
[Result "0-1"]
[WhiteElo "2600"]
[BlackElo "2867"]
[TimeControl "180+1"]
[EndTime "11:18:36 PDT"]
[Termination "AryanTari won on time"]

1. c4 g6 2. Nf3 Bg7 3. d4 d6 4. g3 Nc6 5. Bg2 Bg4 6. h3 Bxf3 7.
Bxf3 e5 8. d5 Nce7 9. Nc3 f5 10.
h4 h6 11. e4 Nf6 12. h5 g5 13. exf5 Nxf5 14. Ne4 O-O 15. O-O Nd4 16. Bg2 Nxe4 17. Bxe4 Qd7 18. Be3 Kh8 19. Kg2 a5 20. Qd3 Qg4 21.
Bxd4 exd4 22. Bg6 Rf6 23. Rae1 Qd7 24. Re4 Raf8 25. f3 c5 26. b3 a4 27. Rfe1 b5 28. cxb5 axb3 29. axb3 Qb7 30. Re8 Qxd5 31. Rxf8+ Rxf8 32. Be4 Qe6 33. Qc4 Qe5 34. b6 g4 35. f4 Qxh5 36. b7 Qh3+ 37. Kf2 d3 38. Rh1 Bd4+ 39. Qxd4+ cxd4 40. Rxh3 gxh3 41. Bxd3 Rb8 42. Be4 Kg7 43. Ke2 Kf6 44. Kd3 Ke6 45. Kxd4 Kd7 46. Ke3 Kc7 47.
Kf2 Re8 48. Bf3 Rd8 49. f5 d5 0-1

[Event "*** Titled Tuesday Blitz"]
[Site "Chess.com"]
[Date "2020.05.05"]
[Round "7"]
[White "guillembaches"]
[Black "CzechmVIII"]
[Result "1-0"]
[WhiteElo "2426"]
[BlackElo "2254"]
[TimeControl "180+1"]
[EndTime "11:18:36 PDT"]
[Termination "guillembaches won on time"]

1. e4 c5 2. Nf3 d6 3. d4 cxd4 4.
Nxd4 Nf6 5. Nc3 g6 6. g3 Nc6 7.
Nde2 b6 8. Bg2 Ba6 9. O-O Bg7 10. a4 Rc8 11. h3 O-O 12. Be3 Nd7 13. Re1 Bxe2 14.
Qxe2 Nce5 15. Bc1 Nc4 16. Nd1 Qc7 17. Ra2 Rfe8 18. b3 Nce5 19. Ne3 Nc5 20. Bb2 Nc6 21. Bxg7 Kxg7 22. Nd5 Qd8 23. Rd1 e6 24. Ne3 Qe7 25. h4 Nb4 26. Raa1 a5 27. Qd2 Red8 28. h5 e5 29. h6+ Kg8 30. Rab1 Ne6 31. c3 Nc6 32.
Nd5 Qa7 33. Qe3 Ne7 34. Nxb6 Rb8 35. Nc4 Qxe3 36. fxe3 d5 37. exd5 Nc5 38. b4 1-0

[Event "*** Titled Tuesday Blitz"]
[Site "Chess.com"]
[Date "2020.05.05"]
[Round "7"]
[White "svilson23"]
[Black "Apocalyps999"]
[Result "0-1"]
[WhiteElo "2254"]
[BlackElo "2430"]
[TimeControl "180+1"]
[EndTime "11:18:36 PDT"]
[Termination "Apocalyps999 won on time"]

1. d4 d5 2. Bg5 f6 3. Bf4 g5 4. Bg3 c5 5. h4 g4 6. e3 Nc6 7. Bb5 Nh6 8. Ne2 Nf5 9. Nbc3 e6 10. Bf4 h5 11. e4 dxe4 12. dxc5 Qa5 13. O-O e5 14.
Bg3 Bxc5 15. Qd5 Qb6 16. Bc4 Nd6 17. Nxe4 Nxc4 18. Nxf6+ Ke7 19. Qxc4 Kxf6 20. Nc3 Kg7 21. Nd5 Qa5 22. Qe4 Bd6 23. Rad1 Be6 24. Ne3 Rad8 25. Nf5+ Bxf5 26. Qxf5 Be7 27. b4 Qxb4 28. Bxe5+ Nxe5 29. Qxe5+ Bf6 30. Qc7+ Kg6 31. Rxd8 Rxd8 0-1

[Event "*** Titled Tuesday Blitz"]
[Site "Chess.com"]
[Date "2020.05.05"]
[Round "7"]
[White "NemtsevIgor"]
[Black "marszach123"]
[Result "0-1"]
[WhiteElo "2297"]
[BlackElo "2148"]
[TimeControl "180+1"]
[EndTime "11:18:36 PDT"]
[Termination "marszach123 won by checkmate"]

1. d4 Nf6 2. Bf4 d5 3. e3 c5 4. c3 Nc6 5. Nd2 Bf5 6. Ngf3 e6 7.
Nh4 Bg4 8. f3 Bh5 9. g4 Bg6 10.
Nxg6 hxg6 11. h4 Be7 12. Bd3 cxd4 13. exd4 Nd7 14. h5 gxh5 15. gxh5 Bh4+ 16. Kf1 Rxh5 17.
Qe2 g5 18. Bd6 Qf6 19. Qg2 O-O-O 20. Qg4 Rdh8 21. Ke2 R5h6 22. Raf1 e5 23. dxe5 Nxe5 24. Bxe5 Qxe5+ 25. Kd1 Qf4 26. Kc2 Kc7 27. Nb3 Ne5 28.
Qxf4 gxf4 29. Nd4 Bf6 30. Rxh6 Rxh6 31. Bf5 Rh2+ 32. Kb3 Nc4 33. Rg1 Rxb2+ 34. Ka4 Bxd4 35. cxd4 b5# 0-1

[Event "*** Titled Tuesday Blitz"]
[Site "Chess.com"]
[Date "2020.05.05"]
[Round "7"]
[White "Gandrade2"]
[Black "sm_sharon"]
[Result "1-0"]
[WhiteElo "2028"]
[BlackElo "2172"]
[TimeControl "180+1"]
[EndTime "11:18:36 PDT"]
[Termination "Gandrade2 won on time"]

1. b3 Nf6 2. Bb2 d6 3. e3 e5 4. d4 exd4 5. Qxd4 Nc6 6. Bb5 Bd7 7. Bxc6 bxc6 8. Nf3 c5 9. Qd2 Be7 10. c4 O-O 11. O-O Bc6 12. Qe2 Ne4 13. Nc3 Bf6 14.
Nxe4 Bxe4 15. Bxf6 Qxf6 16. Nd2 Bc6 17. e4 Rfe8 18.
Rfe1 a5 19. Qd3 a4 20. f3 axb3 21. Nxb3 Ra3 22. Qc2 Rea8 23. Red1 Ba4 24. Rab1 Bxb3 25. Rxb3 h5 26. Rb2 Rc3 27. Qe2 Ra4 28. f4 g6 29.
e5 Qxf4 30. exd6 cxd6 31. Rb8+ Kh7 32. Qe8 Qf6 33. Qxa4 1-0

[Event "*** Titled Tuesday Blitz"]
[Site "Chess.com"]
[Date "2020.05.05"]
[Round "7"]
[White "GM_Levan_Pantsulaia"]
[Black "GOGIEFF"]
[Result "1-0"]
[WhiteElo "2788"]
[BlackElo "2985"]
[TimeControl "180+1"]
[EndTime "11:18:38 PDT"]
[Termination "GM_Levan_Pantsulaia won by resignation"]

1. Nf3 d5 2. g3 Nf6 3. Bg2 c6 4. c4 a6 5. b3 Bg4 6. Bb2 Nbd7 7. d3 e6 8. Nbd2 Be7 9. O-O O-O 10. Rc1 a5 11. a3 Qb6 12. Rc2 Rfc8 13. Qa1 Bh5 14. Rfc1 Bf8 15. h3 h6 16. cxd5 exd5 17. e4 Re8 18. g4 Bg6 19. Nh4 Bh7 20. e5 Nxg4 21.
hxg4 Bxd3 22. Nhf3 Bxc2 23. Rxc2 c5 24. Rc1 a4 25. b4 cxb4 26. Bd4 Qe6 27. axb4 a3 28.
Nf1 Qxg4 29. Ne3 Qe6 30. Kh2 Qg6 31. Bh3 Qh5 32. Kg2 Qg6+ 33. Kh2 Re6 34. Rg1 Qh5 35. Rg3 a2 36. Kg2 Bxb4 37. Nxd5 Rg6 38. Bxd7 Rxg3+ 39. fxg3 Bf8 40. Nf4 1-0

[Event "*** Titled Tuesday Blitz"]
[Site "Chess.com"]
[Date "2020.05.05"]
[Round "7"]
[White "floplover"]
[Black "CarlssonLudvig"]
[Result "1-0"]
[WhiteElo "2295"]
[BlackElo "2446"]
[TimeControl "180+1"]
[EndTime "11:18:38 PDT"]
[Termination "floplover won on time"]

1. d4 Nf6 2. c4 e6 3. Nf3 d5 4. Nc3 Be7 5. Bf4 O-O 6. e3 dxc4 7. Bxc4 b6 8. O-O Ba6 9. Bxa6 Nxa6 10. Ne5 c5 11.
Nc6 Qd7 12. Nxe7+ Qxe7 13. dxc5 Rfd8 14. Bd6 Qb7 15. Qb3 Ne4 16. Nxe4 Qxe4 17. Rac1 Qc6 18.
Qa3 bxc5 19. Bxc5 Nxc5 20. Rxc5 Qb6 21. Rfc1 h6 22. h3 Rd2 23. b3 Rad8 24. Rc7 Re2 25. Qe7 Rf8 26. Rc8 Re1+ 27. Kh2 Rxc8 28. Rxc8+ Kh7 29.
Qxf7 Qd6+ 30. f4 Qd5 31. Rc7 1-0

[Event "*** Titled Tuesday Blitz"]
[Site "Chess.com"]
[Date "2020.05.05"]
[Round "7"]
[White "GigaQuparadze"]
[Black "BillieKimbah"]
[Result "1-0"]
[WhiteElo "2841"]
[BlackElo "2866"]
[TimeControl "180+1"]
[EndTime "11:18:39 PDT"]
[Termination "GigaQuparadze won on time"]

1. e4 e5 2. Nf3 Nc6 3. Bb5 a6 4. Ba4 Nf6 5. d3 b5 6. Bb3 Bc5 7. a4 Rb8 8. Nc3 d6 9. Nd5 h6 10. axb5 axb5 11. O-O O-O 12. c3 Nxd5 13. Bxd5 Ne7 14.
d4 Nxd5 15. dxc5 Nf6 16. cxd6 cxd6 17. Nd2 Bb7 18. Re1 d5 19. exd5 Qxd5 20. Nf3 Qxd1 21.
Rxd1 Bxf3 22. gxf3 Rfd8 23. Be3 Nd5 24. Kf1 f6 25. Ke2 Rd7 26. Ra5 Rbb7 27. Rd2 Kf7 28. Ra8 Ke6 29. Re8+ Kf5 30. Rc8 Rd6 31. Rc5 Ke6 32.
Rd1 Ne7 33. Rxd6+ Kxd6 34. b4 h5 35. f4 Nd5 36. fxe5+ fxe5 37. Kd3 g6 38. Bg5 Rf7 39. Ke4 Nf6+ 40. Bxf6 Rxf6 41. Rxb5 Rf4+ 42. Ke3 Rc4 43. Kd3 Rh4 44. Rb6+ Kc7 45. Rxg6 Rxh2 46. Rf6 h4 47. Ke4 Rh1 48. Kxe5 h3 49. Rh6 h2 50. Kf4 1-0

[Event "*** Titled Tuesday Blitz"]
[Site "Chess.com"]
[Date "2020.05.05"]
[Round "7"]
[White "BilodeauA"]
[Black "XDPS"]
[Result "1-0"]
[WhiteElo "2907"]
[BlackElo "2719"]
[TimeControl "180+1"]
[EndTime "11:18:40 PDT"]
[Termination "BilodeauA won by checkmate"]

1. e4 e5 2. Nf3 Nc6 3. Bb5 a6 4.
Ba4 d6 5. O-O Bd7 6. Re1 g6 7.
d4 Bg7 8. d5 Nce7 9. c4 Bh6 10.
Nc3 Bxc1 11. Rxc1 Nf6 12. c5 O-O 13. Bxd7 Nxd7 14. b4 a5 15. a3 axb4 16. axb4 Kg7 17. Nb5 Ra6 18. Qd2 Ng8 19. h3 Ngf6 20. Qe3 Qb8 21.
Ra1 Rxa1 22. Rxa1 dxc5 23. bxc5 c6 24. dxc6 bxc6 25. Nd6 Qb4 26. Ra7 Nxc5 27. Nf5+ gxf5 28. Qg5+ Kh8 29. Qxf6+ Kg8 30. exf5 e4 31. Qg5+ Kh8 32. Qf6+ Kg8 33. Ne5 Qe1+ 34. Kh2 h6 35. Nxf7 Qxf2 36. Nxh6# 1-0

[Event "*** Titled Tuesday Blitz"]
[Site "Chess.com"]
[Date "2020.05.05"]
[Round "7"]
[White "leoduarte"]
[Black "ChesterF"]
[Result "1-0"]
[WhiteElo "2374"]
[BlackElo "2494"]
[TimeControl "180+1"]
[EndTime "11:18:40 PDT"]
[Termination "leoduarte won by resignation"]

1. e4 c5 2. Nf3 d6 3. d4 cxd4 4.
Nxd4 Nf6 5. Nc3 a6 6. Be2 e5 7. Nb3 Be7 8. O-O O-O 9. Be3 Be6 10. Qd3 Nc6 11. a3 b5 12. Nd5 Bxd5 13. exd5 Nb8 14. a4 b4 15. a5 Nbd7 16. Ra4 Rb8 17. Rd1 Rb5 18. Qc4 Qb8 19. Qc6 Rc8 20. Bxb5 axb5 21. Rxb4 Rxc6 22. dxc6 Nc5 23. c4 Ne8 24. cxb5 Nxb3 25.
Rxb3 Qa8 26. Rc1 Qxa5 27. b6 d5 28. b7 Bd6 29. c7 Bxc7 30. Rxc7 Qxc7 31. b8=Q Qc6 32.
Rc3 Qe6 33. Rc8 1-0

[Event "*** Titled Tuesday Blitz"]
[Site "Chess.com"]
[Date "2020.05.05"]
[Round "7"]
[White "Anton_Demchenko"]
[Black "Witik"]
[Result "1-0"]
[WhiteElo "2853"]
[BlackElo "2640"]
[TimeControl "180+1"]
[EndTime "11:18:42 PDT"]
[Termination "Anton_Demchenko won on time"]

1. d4 d5 2. Nf3 e6 3. Bf4 Nf6 4.
e3 Bd6 5. Ne5 O-O 6. Nd2 b6 7.
h4 Nfd7 8. Bd3 f5 9. Ndf3 Nxe5 10. dxe5 Be7 11. g4 Ba6 12. gxf5 Bxd3 13. Qxd3 Rxf5 14. Nd4 Rh5 15. Nxe6 Qd7 16. Nd4 Nc6 17. Nxc6 Qxc6 18. O-O-O Rd8 19. Bg3 Qe6 20. Kb1 c6 21. c4 g6 22.
cxd5 cxd5 23. Ka1 Qg4 24. Qb3 Qf3 25. a3 Kg7 26. Qa4 a5 27. Qc2 Rf5 28. Qc7 Re8 29.
Qxb6 a4 30. Qb5 Ra8 31. Qxd5 Qxd5 32. Rxd5 Rb8 33. Rd4 1-0

[Event "*** Titled Tuesday Blitz"]
[Site "Chess.com"]
[Date "2020.05.05"]
[Round "7"]
[White "cuprichanin"]
[Black "Oglob71"]
[Result "1/2-1/2"]
[WhiteElo "2335"]
[BlackElo "2471"]
[TimeControl "180+1"]
[EndTime "11:18:43 PDT"]
[Termination "Game drawn by stalemate"]

1. Nc3 d5 2. e4 c6 3. Nf3 Bg4 4. h3 Bxf3 5. Qxf3 e6 6. d3 Nd7 7. Qg3 g6 8. f4 Bg7 9. Be2 Ne7 10. h4 Qb6 11. Nd1 O-O-O 12. h5 f5 13. h6 Bd4 14.
c3 Bc5 15. e5 Qc7 16. d4 Bb6 17. a4 c5 18. Be3 cxd4 19. cxd4 Ba5+ 20. Kf2 Nc6 21.
Nc3 a6 22. Rhc1 Kb8 23. Nb5 Qb6 24. Nd6 Rhf8 25. Rab1 Bb4 26. Qh4 Ka8 27. Qh1 Bxd6 28. exd6 Nb4 29. Qe1 Qc6 30. Rxc6 Nxc6 31. b4 Nf6 32. b5 Ne4+ 33. Kg1 Nb8 34. Qa5 Rxd6 35. bxa6 bxa6 36. Rb6 Ka7 37. Rxd6 Nxd6 38. Qc5+ Kb7 39.
Qxd6 Rc8 40. Qb4+ Ka7 41. Qe7+ Kb6 42. Qxh7 Rc3 43. Qxg6 Rxe3 44. h7 Nc6 45. h8=Q Nxd4 46. Qxd4+ Ka5 47. Qxe3 Kb4 48. Qgxe6 d4 49. Qxd4+ Ka5 50.
Qee3 1/2-1/2

[Event "*** Titled Tuesday Blitz"]
[Site "Chess.com"]
[Date "2020.05.05"]
[Round "7"]
[White "LiemLe"]
[Black "Sashadav97"]
[Result "1-0"]
[WhiteElo "2972"]
[BlackElo "2758"]
[TimeControl "180+1"]
[EndTime "11:18:45 PDT"]
[Termination "LiemLe won by resignation"]

1. d4 d5 2. Nf3 e6 3. c4 Nf6 4.
g3 dxc4 5. Bg2 Be7 6. Qa4+ c6 7.
Qxc4 b5 8. Qc2 O-O 9. O-O Bb7 10. Rd1 Nbd7 11. Nc3 a6 12. Bg5 Nd5 13. Bxe7 Qxe7 14.
Nxd5 exd5 15. a4 Nb6 16. a5 Nd7 17. e3 Rfe8 18. Rac1 f6 19. Ne1 Qd6 20. Nd3 Re7 21. Bh3 Nf8 22. Nc5 Bc8 23. Bxc8 Rxc8 24. Nxa6 h5 25. Qf5 Ra8 26. Nc5 g6 27. Qf3 Rxa5 28.
Ra1 Raa7 29. e4 Kg7 30. exd5 Qxd5 31. Qxd5 cxd5 32. Kf1 Kf7 33. Nd3 Ne6 34. Nb4 Rxa1 35. Rxa1 Nxd4 36. Nxd5 Rd7 37. Nc3 b4 38. Ne4 Nf3 39.
Kg2 Ne5 40. Ra6 f5 41. Ng5+ Kg7 42. Ne6+ Kf7 43. Rb6 Nd3 44. Ng5+ Kg7 45. b3 Rc7 46.
Ne6+ 1-0

[Event "*** Titled Tuesday Blitz"]
[Site "Chess.com"]
[Date "2020.05.05"]
[Round "7"]
[White "ljuks68"]
[Black "pichonazo"]
[Result "1-0"]
[WhiteElo "2378"]
[BlackElo "2501"]
[TimeControl "180+1"]
[EndTime "11:18:45 PDT"]
[Termination "ljuks68 won by resignation"]

1. e4 c5 2. Nf3 d6 3. d4 cxd4 4. Nxd4 Nf6 5. Nc3 Nc6 6. Bc4 e6 7. Be3 Be7 8. Qe2 d5 9. exd5 exd5 10. Bb3 O-O 11. O-O-O Bb4 12. Ndb5 Bg4 13. f3 Be6 14. a3 a6 15. axb4 axb5 16. Nxb5 Nxb4 17. c3 Nc6 18. g4 Qa5 19. Nd4 Ne5 20. Nxe6 fxe6 21. Bd4 Nc6 22. Qxe6+ Kh8 23. g5 Nxd4 24. Rxd4 Qa1+ 25. Kc2 Qxh1 26. gxf6 Rxf6 27. Qxd5 Qxh2+ 28. Rd2 Qf4 29. Qxb7 Raf8 30. Bd5 Rd6 31. Rg2 Qf6 32. Be4 Rfd8 33. Qc7 Qh6 34.
b4 Rd2+ 35. Rxd2 Qxd2+ 36. Kb3 Qd6 37. Qxd6 Rxd6 38. b5 h5 39. c4 h4 40. c5 Rd8 41.
c6 h3 42. c7 Rc8 43. b6 h2 44.
f4 Re8 45. Bc6 Kh7 46. b7 Re6 47. c8=Q 1-0

[Event "*** Titled Tuesday Blitz"]
[Site "Chess.com"]
[Date "2020.05.05"]
[Round "7"]
[White "Zhuu96"]
[Black "DLR7"]
[Result "0-1"]
[WhiteElo "2909"]
[BlackElo "2823"]
[TimeControl "180+1"]
[EndTime "11:18:47 PDT"]
[Termination "DLR7 won on time"]

1. d4 Nf6 2. c4 e6 3. Nf3 Bb4+ 4. Nbd2 O-O 5. e3 d5 6. Qc2 b6 7. Be2 c5 8. a3 Bxd2+ 9. Bxd2 cxd4 10. Nxd4 e5 11.
Nf3 Nbd7 12. cxd5 Bb7 13. Bb4 Rc8 14. Qb1 e4 15. Nd4 Re8 16. Nc6 Bxc6 17. dxc6 Rxc6 18. O-O Nd5 19. Bb5 Rg6 20. g3 a6 21. Bxa6 Qf6 22. Rd1 Qf5 23. Bb7 N5f6 24. Bd6 Ng4 25. Qc2 Rf6 26. Bf4 Nc5 27. Rd5 Qe6 28. Rd6 Qf5 29. Rxf6 Nxf6 30. Bc6 Rc8 31. b4 Rxc6 32. bxc5 Rxc5 33.
Qb2 h6 34. Rb1 Qh3 35. f3 exf3 36. Rf1 Ng4 37. e4 f2+ 38. Rxf2 Nxf2 39. Qxf2 Qe6 40. e5 g5 41. Be3 Rxe5 42. Bxb6 Re1+ 0-1

[Event "*** Titled Tuesday Blitz"]
[Site "Chess.com"]
[Date "2020.05.05"]
[Round "7"]
[White "DaggiGretarsson"]
[Black "jlandaw"]
[Result "1-0"]
[WhiteElo "2511"]
[BlackElo "2363"]
[TimeControl "180+1"]
[EndTime "11:18:47 PDT"]
[Termination "DaggiGretarsson won on time"]

1. d4 Nf6 2. c4 e6 3. Nc3 Bb4 4. Qc2 O-O 5. e4 Bxc3+ 6. bxc3 d6 7. Bd3 Nc6 8. Ne2 b6 9. O-O h6 10. f4 Ba6 11. e5 Ne8 12. f5 exf5 13. Ng3 dxe5 14.
Nxf5 Nf6 15. Qf2 e4 16. Qg3 Nh5 17. Qg4 exd3 18. Nxg7 Nf6 19. Qh3 Nxd4 20. Bxh6 Ne2+ 21. Kh1 Qd7 22. Qh4 Qg4 23. Qxf6 Bb7 24. Rf2 d2 25. Nf5 Nc1 26. Rxd2 Rad8 27. Ne3 Qg6 28. Qxg6+ fxg6 29. Rxd8 Rxd8 30. Rxc1 Rd2 31. a4 Ra2 32. Kg1 Kf7 33. Rc2 Ke6 34. Rxa2 1-0

[Event "*** Titled Tuesday Blitz"]
[Site "Chess.com"]
[Date "2020.05.05"]
[Round "7"]
[White "IMinTheWings"]
[Black "CroissantNeuf"]
[Result "0-1"]
[WhiteElo "2185"]
[BlackElo "2357"]
[TimeControl "180+1"]
[EndTime "11:18:47 PDT"]
[Termination "CroissantNeuf won by resignation"]

1. d4 Nf6 2. Nc3 d5 3. Bf4 a6 4. e3 e6 5. g4 Bb4 6. Bg2 c5 7. Ne2 Nxg4 8. a3 Bxc3+ 9. Nxc3 Nf6 10. dxc5 O-O 11. Rg1 Nc6 12. Bd6 Re8 13. Qe2 b6 14. O-O-O bxc5 15. Bxc5 Qa5 16. Bd6 Bd7 17. e4 d4 18. Nb1 e5 19. Nd2 Rac8 20. f4 d3 21. Qxd3 Nd4 22. Nc4 Rxc4 23. Qxc4 Rc8 24. Qxc8+ Bxc8 25. fxe5 Ne2+ 26. Kb1 Nxg1 27. exf6 Ne2 28. Be5 Bg4 29.
b4 Qb6 30. Kb2 gxf6 31. Bf4 Nxf4 32. Rf1 Nxg2 33. Rg1 Qxg1 0-1

[Event "*** Titled Tuesday Blitz"]
[Site "Chess.com"]
[Date "2020.05.05"]
[Round "7"]
[White "Kaliopa"]
[Black "ecwinslow"]
[Result "1-0"]
[WhiteElo "2100"]
[BlackElo "2208"]
[TimeControl "180+1"]
[EndTime "11:18:47 PDT"]
[Termination "Kaliopa won by resignation"]

1. e4 c5 2. Nf3 d6 3. d4 cxd4 4. Nxd4 Nf6 5. Nc3 a6 6. Bg5 e6 7. f4 Be7 8. Qf3 h6 9. Bh4 Qc7 10. O-O-O Nbd7 11. g4 g5 12. fxg5 Ne5 13. Qg3 Nfxg4 14. gxh6 Bxh4 15. Qxh4 Rxh6 16. Qg3 Bd7 17. Be2 Nf6 18. Qf4 Rg6 19. h4 d5 20. Kb1 Nxe4 21.
Nxe4 dxe4 22. h5 Rg8 23. h6 O-O-O 24. h7 Rh8 25. Qxe4 Nc6 26. Bf3 f5 27. Qe3 Nxd4 28. Rxd4 e5 29. Rd2 e4 30. Bg2 f4 31. Qxe4 Bc6 32.
Rxd8+ Qxd8 33. Qf5+ Kb8 34. Bxc6 bxc6 35. Qxf4+ Qc7 36.
Qxc7+ Kxc7 37. c4 1-0

[Event "*** Titled Tuesday Blitz"]
[Site "Chess.com"]
[Date "2020.05.05"]
[Round "7"]
[White "wanyaland"]
[Black "TerorPtica"]
[Result "0-1"]
[WhiteElo "2336"]
[BlackElo "2793"]
[TimeControl "180+1"]
[EndTime "11:18:48 PDT"]
[Termination "TerorPtica won by resignation"]

1. d4 Nf6 2. c4 e6 3. Nf3 d5 4.
g3 Be7 5. Bg2 O-O 6. O-O dxc4 7.
Qc2 b5 8. a4 b4 9. Qxc4 Ba6 10.
Qc2 Nbd7 11. Re1 c5 12. e4 Rc8 13. e5 cxd4 14. Qd1 Nd5 15. Nxd4 Nc5 16. Nb5 Qb6 17. Qf3 Nxa4 18. Nxa7 Qxa7 19. Rxa4 Qb6 20. Nd2 Rc2 21.
Ne4 Rfc8 22. Bg5 Bf8 23. b3 h6 24. Bd2 Bb5 25. Raa1 Qc7 26. Qg4 Qxe5 27. h4 Qf5 28.
Qf3 Qxf3 29. Bxf3 Nc3 30. Bxc3 bxc3 31. Rec1 Rxc1+ 32. Rxc1 Bb4 33. Kg2 c2 0-1

[Event "*** Titled Tuesday Blitz"]
[Site "Chess.com"]
[Date "2020.05.05"]
[Round "7"]
[White "Kaua18"]
[Black "gemarin"]
[Result "0-1"]
[WhiteElo "2278"]
[BlackElo "1982"]
[TimeControl "180+1"]
[EndTime "11:18:48 PDT"]
[Termination "gemarin won by resignation"]

1. e4 c5 2. Nf3 Nc6 3. d4 cxd4 4. Nxd4 e5 5. Nb5 d6 6. N1c3 a6 7. Na3 b5 8. Nd5 Nge7 9. c4 Nxd5 10. exd5 Nd4 11.
Be3 b4 12. Bxd4 bxa3 13. Bc3 axb2 14. Rb1 Rb8 15. Be2 Bf5 16. Rxb2 Rxb2 17. Bxb2 Qa5+ 18. Qd2 Qxa2 19. O-O Be7 20. Ra1 Qb3 21. Ra3 Qb6 22.
g4 Be4 23. c5 Qxc5 24. Rc3 Qb6 25. Rc8+ Bd8 26. Rc6 Qb8 27. Bxa6 O-O 28. Ba3 Qb1+ 29.
Bf1 Qb3 30. Rc3 Qxd5 31. Qxd5 Bxd5 32. Bxd6 Re8 33. Bb5 Re6 34. Bb4 Bb7 35. Rd3 Bg5 36.
Bc5 h6 37. Rd7 Bf3 38. Bc4 Rf6 39. Be7 Rf4 40. Bxg5 hxg5 41. Bd3 Rxg4+ 42. Kf1 e4 43.
Bc4 Rf4 44. Ke1 Rf6 45. Kd2 g6 46. Ke3 Kg7 47. h3 Bg2 48. Bb3 Bxh3 49. Kxe4 Bxd7 0-1

[Event "*** Titled Tuesday Blitz"]
[Site "Chess.com"]
[Date "2020.05.05"]
[Round "7"]
[White "AVolodin"]
[Black "EddieMarsalla"]
[Result "1-0"]
[WhiteElo "2673"]
[BlackElo "2522"]
[TimeControl "180+1"]
[EndTime "11:18:49 PDT"]
[Termination "AVolodin won by resignation"]

1. d4 d5 2. c4 Bf5 3. Nc3 e6 4.
Nf3 Nc6 5. Bf4 Bd6 6. Bxd6 Qxd6 7. e3 Nf6 8. c5 Qd8 9. Bb5 O-O 10. Bxc6 bxc6 11. Ne5 Nd7 12. Nxc6 Qg5 13. O-O Bg4 14. f4 Bxd1 15. fxg5 Bh5 16. b4 f6 17. h4 Be8 18. Rf2 Nxc5 19. Ne7+ Kf7 20. gxf6 Nd3 21. fxg7+ Kxg7 22. Rd2 Nxb4 23. Rb1 Na6 24. e4 Kf7 25. Nexd5 exd5 26. Nxd5 Bc6 27. Nc3 Ke7 28. d5 Bd7 29. e5 Rab8 30. Re1 Rfe8 31. e6 Bc8 32. d6+ cxd6 33. Nd5+ Kd8 34. e7+ Rxe7 35. Nxe7 Rb6 36. Nd5 Rc6 37. Re7 h5 38. Rxa7 Nc5 39. Rf2 Ne6 40.
Rff7 Ra6 41. Rae7 Ra5 42. Nf6 1-0